 Dungeon Crawl Stone Soup version 0.29-a0-1018-g6b6670bd90 (webtiles) character file.

Game seed: 4745829252066409016

58545 RaHiT the Reanimator (level 14, -1/99 HPs)
             Began as a Demonspawn Chaos Knight on Aug 10, 2022.
             Was a Plaything of Xom.
             Slain by a vault guard
             ... wielding a +0 glaive
              (22 damage)
             ... on level 13 of the Dungeon.
             The game lasted 03:26:29 (21836 turns).

RaHiT the Reanimator (Demonspawn Chaos Knight)     Turns: 21836, Time: 03:26:30

Health: -1/99      AC:  9    Str: 18 (21) XL:     14   Next: 49%
Magic:  9/36       EV: 16    Int: 18 (19) God:    Xom [....*.]
Gold:   1968       SH:  5    Dex: 10 (11) Spells: 5/31 levels left

rFire   . . .      SeeInvis .   I - +9 rapier "Gaupn" {protect, +Blink Will+ Int+2 Dex-3}
rCold   . . .      Faith    .   (no shield)
rNeg    . . .      Spirit   .   X - +1 robe {Will+}
rPois   .          Reflect  +   P - +1 hat
rElec   +          Harm     .   H - scarf {+Inv}
rCorr   .          Rampage  .   g - +1 pair of gloves
Will    ++++.                   (no boots)
Stlth   ++........              a - amulet of the Voivode {Reflect Fragile Regen+ Dex+2 SH+5}
HPRegen 1.06/turn               J - ring of Due Proportion {MP+9 Dex+2}
MPRegen 0.25/turn               V - ring of Xafrung {rElec Will+ EV+4}

@: very slightly contaminated
A: hooves 2, yellow scales 2, foul stench 2, powered by death 2, horns 1,
deterioration 1, frail 1, screaming 1, strong 2, evolution 1, MP-powered wands
a: Renounce Religion, Evoke Blink, Evoke Invisibility


You were on level 13 of the Dungeon.
You worshipped Xom.
You were a beloved toy of Xom.
You visited 3 branches of the dungeon, and saw 19 of its levels.
You also visited: Sewer, Bailey and Volcano.

You collected 2067 gold pieces.
You spent 99 gold pieces at shops.

Inventory:

Hand Weapons
 I - the +9 rapier "Gaupn" (weapon) {protect, +Blink Will+ Int+2 Dex-3}
   (You found it on level 5 of the Dungeon)

   It grants its wielder temporary protection when it strikes (+7 to AC).
   Int:       It affects your intelligence (+2).
   Dex:       It affects your dexterity (-3).
   +Blink:    It lets you blink.
   Will:      It increases your willpower.
Missiles
 t - 13 curare-tipped darts
 w - 23 boomerangs
 y - 11 atropa-tipped darts
 G - 24 poisoned darts (quivered)
 N - 4 silver javelins
 S - 5 datura-tipped darts
Armour
 g - a +1 pair of gloves (worn)
 E - a +1 scale mail of cold resistance
 H - a scarf of invisibility (worn)
 P - a +1 hat (worn)
 U - the +2 ring mail "Kiavvann" {rF+}
   (You found it in a bailey)

   rF:        It protects you from fire.
 X - a +1 robe of willpower (worn)
 Y - a +0 kite shield
Jewellery
 a - the amulet of the Voivode (around neck) {Reflect Fragile Regen+ Dex+2 SH+5}
   (You acquired it on level 1 of the Lair of Beasts)

   [amulet of reflection]

   It reflects blocked missile attacks.
   Dex:       It affects your dexterity (+2).
   Regen:     It increases your rate of health regeneration.
   Fragile:   It will be destroyed if unequipped.
   SH:        It affects your SH (+5).
 c - a ring of ice
 x - a ring of fire
 F - a ring of protection from fire
 J - the ring of Due Proportion (left hand) {MP+9 Dex+2}
   (You found it on level 4 of the Lair of Beasts)

   [ring of magical power]

   Dex:       It affects your dexterity (+2).
   MP:        It affects your magic capacity (+9).
 V - the ring of Xafrung (right hand) {rElec Will+ EV+4}
   (Xom gifted it to you on level 8 of the Dungeon)

   [ring of evasion]

   EV:        It affects your evasion (+4).
   rElec:     It insulates you from electricity.
   Will:      It increases your willpower.
Wands
 i - a wand of charming (8)
 n - a wand of flame (16)
 o - a wand of quicksilver (13)
Scrolls
 d - 5 scrolls of magic mapping
 f - 8 scrolls of teleportation
 h - a scroll of silence
 l - 4 scrolls of enchant armour
 r - 6 scrolls of vulnerability
 v - 4 scrolls of immolation
 L - 3 scrolls of enchant weapon
 M - 2 scrolls of fear
 O - 3 scrolls of butterflies
 R - a scroll of amnesia
 T - 2 scrolls of summoning
 W - 2 scrolls of torment
 Z - 4 scrolls of identify
Potions
 j - 2 potions of resistance
 k - 5 potions of curing
 m - 3 potions of berserk rage
 p - 4 potions of haste
 q - 2 potions of magic
 s - a potion of flight
 u - 11 potions of ambrosia
 z - 7 potions of mutation
 A - 3 potions of cancellation
 B - 7 potions of might
 C - 2 potions of brilliance
 D - 2 potions of invisibility
 K - 3 potions of heal wounds
 Q - 4 potions of lignification
Miscellaneous
 b - a piece from Xom's chessboard (15/15)
 e - a box of beasts (inert)


   Skills:
 - Level 10.0 Fighting
 - Level 2.1 Armour
 - Level 2.0 Dodging
 - Level 4.0 Stealth
 + Level 8.2 Shields
 - Level 3.0 Unarmed Combat
 - Level 9.0 Spellcasting
 + Level 8.8 Conjurations
 - Level 13.0 Necromancy
 - Level 0.1 Transmutations
 + Level 8.0 Fire Magic
 - Level 0.1 Poison Magic
 - Level 10.2 Evocations


You had 5 spell levels left.
You knew the following spells:

 Your Spells              Type           Power      Damage    Failure   Level
a - Necrotise             Necr           100%       1d9       1%          1
b - Vampiric Draining     Necr           53%        2d9       1%          3
c - Agony                 Necr           53%        N/A       1%          5
e - Fireball              Conj/Fire      19%        3d9       8%          5
f - Inner Flame           Hex/Fire       22%        N/A       4%          3
g - Slow                  Hex            32%        N/A       9%          1
h - Dispel Undead         Necr           53%        3d19      1%          4
i - Anguish               Hex/Necr       15%        N/A       6%          4

Your spell library contained the following spells:

 Spells                   Type           Power      Damage    Failure   Level
 Magic Dart               Conj           100%       1d8       1%          1
 Shock                    Conj/Air       96%        1d9       1%          1
 Searing Ray              Conj           78%        2d7       1%          2
 Static Discharge         Conj/Air       24%        3-6/arc   2%          2
 Sticky Flame             Conj/Fire      38%        2d6       2%          4
 Dazzling Flash           Conj/Hex       48%        N/A       4%          3
 Beastly Appendage        Tmut           16%        N/A       9%          1
 Sting                    Tmut/Pois      32%        1d4       9%          1
 Ensorcelled Hibernation  Hex/Ice        16%        N/A       13%         2
 Poisonous Vapours        Pois/Air       16%        N/A       13%         2
 Wereblood                Tmut           8%         N/A       13%         2
 Fulminant Prism          Conj/Hex       12%        3d9       14%         4
 Call Canine Familiar     Summ           8%         N/A       26%         3
 Ozocubu's Armour         Ice            8%         N/A       26%         3
 Portal Projectile        Hex/Tloc       16%        N/A       26%         3
 Spider Form              Tmut/Pois      8%         N/A       26%         3
 Summon Guardian Golem    Hex/Summ       8%         N/A       26%         3
 Swiftness                Air            8%         N/A       26%         3
 Olgreb's Toxic Radiance  Pois           8%         N/A       63%         4
 Airstrike                Air            4%         2d(1-17)  65%         4
 Cause Fear               Hex            4%         N/A       65%         4
 Leda's Liquefaction      Hex/Erth       4%         N/A       65%         4
 Metabolic Englaciation   Hex/Ice        4%         N/A       94%         5
 Summon Forest            Summ/Tloc      4%         N/A       94%         5
 Summon Mana Viper        Hex/Summ       8%         N/A       94%         5
 Starburst                Conj/Fire      19%        6d7       38%         6
 Simulacrum               Ice/Necr       15%        N/A       67%         6
 Orb of Destruction       Conj           19%        9d8       89%         7
 Conjure Ball Lightning   Conj/Air       12%        3x3d6     91%         6
 Summon Cactus Giant      Summ           4%         N/A       100%        6
 Ozocubu's Refrigeration  Ice            4%         4d8       100%        7
 Spellforged Servitor     Conj/Summ      12%        N/A       100%        7
 Discord                  Hex            4%         N/A       100%        8
 Disjunction              Tloc           4%         N/A       100%        8
 Ignition                 Fire           18%        3d7       100%        8
 Chain Lightning          Conj/Air       12%        3d16      100%        9
 Fire Storm               Conj/Fire      19%        8d5       100%        9
 Shatter                  Erth           4%         3d7*      100%        9


Dungeon Overview and Level Annotations

Branches:
Dungeon (13/15)            Temple (1/1) D:6            Lair (5/5) D:10
 Shoals (0/4) Lair:2        Snake (0/4) Lair:3        Slime (0/5) Lair:5
    Orc (0/2) D:9          Vaults (0/5) D:13          Sewer (visited)
 Bailey (visited)         Volcano (visited)

Altars:
Ashenzari
Cheibriados
Dithmenos
Fedhas
Gozag
Hepliaklqana
Kikubaaqudgha
Makhleb
Nemelex Xobeh
Okawaru
Qazlal
Ru
Sif Muna
Trog
Uskayaw
Vehumet
Wu Jian
Xom
Yredelemnul
Jiyva

Shops:
D:3 ?

Annotations:
Lair:1 exclusion: 3 oklob plants


Innate Abilities, Weirdness & Mutations

You have hoof-like feet.
You are mostly covered in yellow scales. (AC +3)
You sometimes emit foul miasma when damaged in melee.
You regenerate health from kills.
You have a pair of small horns on your head.
Your body sometimes deteriorates upon taking damage.
You are frail. (-10% HP)
You occasionally shout uncontrollably at your foes.
Your muscles are very strong. (Str +8, Int/Dex -2)
You have hidden genetic potential.
You expend magic power (3 MP) to strengthen your wands.


Message History

The vault guard barely misses you.
You see here a +0 scale mail.
The vault guard hits you from afar with a +0 glaive!
You open the lid... ...and a juvenile fireshock beast leaps out!
The box is emptied! "The weather's been a little too boring around here."
You are now a beloved toy of Xom.
The vault guard closely misses you.
The vault guard hits you from afar with a +0 glaive!!
Your juvenile fireshock beast closely misses the vault guard.
The vault guard hits you with a +0 glaive.
The vault guard misses you.
Your juvenile fireshock beast bursts into living lightning!
The living lightning hits the vault guard!!
Your juvenile fireshock beast blinks!
Casting: Anguish (dangerous; 6% risk of failure)
Confirm with . or Enter, or press ? or * to list all spells.
Aiming: Agony (dangerous; 1% risk of failure)
Press: ? - help, Shift-Dir - straight line, f - vault guard
Aim: a vault guard, wielding a +0 glaive and wearing a +0 chain mail (moderately wounded, fast, ally target, chance to affect: 86%)
The vault guard barely resists.
The vault guard hits you with a +0 glaive!!
* * * LOW HITPOINT WARNING * * *
Your body deteriorates!
You feel clumsy.
Casting: Agony (dangerous; 1% risk of failure)
Confirm with . or Enter, or press ? or * to list all spells.
Okay, then.
Casting: Agony (dangerous; 1% risk of failure)
Confirm with . or Enter, or press ? or * to list all spells.
Okay, then.
Aiming: Quicksilver Bolt
Press: ? - help, Shift-Dir - straight line, f/p - vault guard
Aim: a vault guard, wielding a +0 glaive and wearing a +0 chain mail (moderately wounded, fast, ally target, 73% to hit)
You feel a surge of power!
The bolt of dispelling energy hits the vault guard!!
The vault guard is heavily wounded.
The vault guard's magical effects unravel!
The vault guard hits you with a +0 glaive!!
You die...

........#..[#
........#...#####
................#
##.###.###..###H#
##.###.# #### #.#
#......# #.# ##.#####
##.##
#..##########...#######
#.............p@......#
##.##########[..#####.#
###.# ##ยง## #.# #.#.#
#.# #Z# #.#.# #)####
#.# #.#p# #)##b###.#
....# #.)..##..# #.###
####.##.## #. #....#


You could see a vault guard (ally target) and a friendly juvenile fireshock
beast (summoned).

Vanquished Creatures
  Nessos (D:13)
  The ghost of Ryse the Spear-Bearer, a journeyman NaFi of Cheibriados (D:12)
  5 vault guards (D:13)
  3 hydras
  3 catoblepae (Lair:5)
  2 two-headed ogres
  7 death yaks (Lair:5)
  An anaconda (D:11)
  A tengu warrior (D:7)
  A hell hog (Volcano)
  A fire crab (Volcano)
  An orc knight (Bailey)
  A deep elf pyromancer (D:8)
  A mana viper (D:11)
  3 ugly things
  A cyclops (D:13)
  2 manticores (Lair:5)
  An elephant (Lair:5)
  Maurice (D:13)
  3 black mambas
  2 gargoyles (D:11)
  12 cane toads
  A torpor snail (Lair:3)
  7 rime drakes
  4 komodo dragons
  A queen bee (Lair:2)
  4 trolls
  A polar bear (Lair:2)
  A slime creature (D:11)
  6 blink frogs
  31 yaks
  11 wyverns
  9 basilisks
  A steam dragon (shapeshifter) (D:13)
  4 vampire mosquitoes (D:8)
  Menkaure (D:5)
  3 steam dragons
  2 swamp worms (Lair:4)
  4 acid dragons
  5 nagas (Lair:3)
  10 water moccasins
  5 hell hounds (Volcano)
  6 orc warriors
  3 black bears
  2 ice beasts
  A boggart (Lair:2)
  6 centaurs
  12 wolves
  An ogre (D:5)
  3 phantoms
  9 kobold brigands
  2 necrophages (D:5)
  10 bullfrogs
  3 scorpions
  A wyvern skeleton (D:6)
  12 wights
  36 killer bees
  An electric eel (Lair:2)
  4 howler monkeys
  A centaur zombie (D:6)
  4 hounds
  A bullfrog skeleton (D:6)
  3 orc priests
  2 centaur skeletons (D:6)
  Ijyb (D:5)
  2 iguanas (D:5)
  9 orc wizards
  2 hell rats (Lair:3)
  3 killer bee zombies (D:6)
  2 howler monkey zombies (D:6)
  3 gnolls
  8 adders
  2 shadow imps
  A white imp (D:5)
  5 ufetubi
  A worm (D:5)
  A dart slug (D:1)
  46 orcs
  10 ball pythons
  6 endoplasms
  2 giant cockroaches
  11 goblins
  8 hobgoblins
  7 jackals
  6 quokkas
  9 bats
  6 frilled lizards
  28 kobolds
  10 rats
477 creatures vanquished.

Vanquished Creatures (collateral kills)
  A vault guard (D:13)
  A boulder beetle (D:13)
  A centaur warrior (D:13)
  A death yak (Lair:2)
  Pikel (D:9)
  A manticore (Lair:3)
  3 elephants (Lair:5)
  A troll (D:13)
  A polar bear (Lair:2)
  3 blink frogs (Lair:2)
  A spriggan (Lair:2)
  6 yaks (Lair:5)
  A naga (Lair:3)
  A water moccasin (Lair:2)
  A wolf (Lair:2)
  2 wights (D:9)
  An orc wizard (D:10)
  A hell rat (Lair:3)
  2 gnolls (D:6)
30 creatures vanquished.

Vanquished Creatures (others)
  Harold (D:11)
  A hydra (D:12)
  An anaconda (D:11)
  A dancing weapon (D:13)
  2 gargoyles
  2 yaks (D:12)
  An acid dragon (D:12)
  3 orc warriors (D:12)
  A centaur (D:11)
  An orc (D:7)
  2 briar patches (Lair:4)
  24 fungi
  45 plants
  6 withered plants (D:6)
91 creatures vanquished.

Grand Total: 598 creatures vanquished

Notes
Turn   | Place    | Note
-------+----------+-------------------------------------------
     0 | D:1      | RaHiT the Demonspawn Chaos Knight began the quest for the
                  | Orb.
     0 | D:1      | Reached XP level 1. HP: 18/18 MP: 1/1
   137 | D:1      | XOM: divination: detect creatures
   337 | D:1      | XOM: divination: detect items
   390 | D:1      | Reached skill level 1 in Dodging
   453 | D:1      | Gained mutation: You are partially covered in yellow
                  | scales. (AC +2) [demonic ancestry]
   453 | D:1      | Reached XP level 2. HP: 13/24 MP: 2/2
   610 | D:1      | XOM: silly message
   937 | D:1      | Gained mutation: You have large cloven feet. [demonic
                  | ancestry]
   937 | D:1      | Reached XP level 3. HP: 14/29 MP: 2/4
  1045 | D:1      | XOM: divination: magic mapping
  1227 | D:1      | XOM: silly message
  1248 | D:1      | Reached skill level 1 in Stealth
  1453 | D:2      | XOM: noise
  1495 | D:2      | XOM: divination: magic mapping
  1501 | D:2      | Reached skill level 1 in Evocations
  1525 | D:2      | Reached skill level 1 in Spellcasting
  1883 | D:2      | Learned a level 1 spell: Sting
  1960 | D:2      | Found a faded altar of an unknown god.
  1999 | D:2      | XOM: silly message
  2086 | D:2      | XOM: silly message
  2098 | D:2      | Reached XP level 4. HP: 35/35 MP: 0/5
  2124 | D:2      | XOM: divination: detect items
  2487 | D:2      | XOM: silly message
  2676 | D:3      | Found Saots's Magic Scroll Emporium.
  2681 | D:3      | Bought a scroll of noise for 11 gold pieces
  2681 | D:3      | Bought a scroll of identify for 22 gold pieces
  2684 | D:3      | Bought a scroll of identify for 22 gold pieces
  2684 | D:3      | Bought a scroll of identify for 22 gold pieces
  2684 | D:3      | Bought a scroll of identify for 22 gold pieces
  2867 | D:3      | Learned a level 3 spell: Vampiric Draining
  2873 | D:3      | Found an iron altar of Okawaru.
  2879 | D:3      | Found a burning altar of Makhleb.
  2881 | D:3      | Found a snail-covered altar of Cheibriados.
  2886 | D:3      | Found a shimmering altar of Xom.
  2891 | D:3      | Found a hide-covered altar of Uskayaw.
  3038 | D:3      | XOM: silly message
  3066 | D:3      | XOM: silly message
  3271 | D:4      | XOM: stealth player
  3283 | D:4      | Noticed a scorpion
  3309 | D:4      | XOM: smoke on damage
  3312 | D:4      | XOM: confuse monster(s)
  3313 | D:4      | Killed a scorpion
  3314 | D:4      | Gained mutation: You may rarely emit foul miasma when
                  | damaged in melee. [demonic ancestry]
  3314 | D:4      | Reached XP level 5. HP: 15/41 MP: 3/6
  3409 | D:3      | XOM: cloud trail
  3530 | D:4      | Reached skill level 1 in Necromancy
  3651 | D:4      | XOM: silly message
  4072 | D:4      | XOM: silly message
  4108 | D:4      | Reached skill level 2 in Necromancy
  4108 | D:4      | Gained mutation: You have hoof-like feet. [demonic
                  | ancestry]
  4108 | D:4      | Reached XP level 6. HP: 48/48 MP: 3/7
  4215 | D:5      | XOM: stealth player
  4215 | D:5      | Entered Level 5 of the Dungeon
  4216 | D:5      | Found a glowing drain.
  4228 | D:5      | XOM: 1-stop teleportation journey
  4243 | Sewer    | Entered a sewer
  4678 | Sewer    | Reached skill level 3 in Necromancy
  4678 | Sewer    | Reached XP level 7. HP: 26/54 MP: 8/8
  4688 | Sewer    | XOM: god gift: 27 gold pieces
  4872 | D:5      | XOM: confuse monster(s)
  4908 | D:5      | XOM: silly message
  5030 | D:5      | XOM: confuse monster(s)
  5230 | D:5      | Noticed Ijyb
  5230 | D:5      | XOM: 1-stop teleportation journey
  5243 | D:5      | Killed Ijyb
  5372 | D:5      | Noticed Menkaure
  5448 | D:5      | Killed Menkaure
  5449 | D:5      | Reached skill level 4 in Necromancy
  5449 | D:5      | Reached skill level 5 in Evocations
  5639 | D:5      | XOM: god gift: glowing quarterstaff {god gift}
  5691 | D:5      | XOM: divination: detect creatures
  5779 | D:5      | Gained mutation: You sometimes emit foul miasma when
                  | damaged in melee. [demonic ancestry]
  5779 | D:5      | Reached XP level 8. HP: 60/60 MP: 11/11
  5796 | D:5      | XOM: confuse monster(s)
  5800 | D:5      | Reached skill level 5 in Necromancy
  6146 | D:5      | Identified the +9 rapier "Gaupn" {protect, +Blink Will+
                  | Int+2 Dex-3}
  6214 | D:5      | XOM: divination: detect items
  6262 | D:6      | XOM: confuse monster(s)
  6358 | D:5      | Reached skill level 6 in Necromancy
  6497 | D:5      | XOM: give mutations
  6497 | D:5      | Gained mutation: You occasionally lose the ability to read
                  | scrolls when taking damage. [Xom's mischief]
  6497 | D:5      | Gained mutation: Armour fits poorly on your strangely
                  | shaped body. [Xom's mischief]
  6497 | D:5      | Gained mutation: You are weak. (Str -2) [Xom's mischief]
  6580 | D:6      | XOM: summons friendly iron imp
  6584 | D:6      | Reached skill level 7 in Necromancy
  6630 | D:6      | XOM: destruction
  6650 | D:6      | Gained mutation: You regenerate a little health from kills.
                  | [demonic ancestry]
  6650 | D:6      | Reached XP level 9. HP: 56/66 MP: 14/14
  6720 | D:6      | XOM: scenery: create altars
  6725 | D:6      | XOM: confuse monster(s)
  6771 | D:6      | XOM: summons 5 hostile demons
  6906 | D:6      | Found a staircase to the Ecumenical Temple.
  6916 | Temple   | Entered the Ecumenical Temple
  7281 | D:6      | XOM: god gift: scroll of poison
  7309 | D:7      | XOM: scenery: create altars
  7314 | D:7      | Reached skill level 5 in Fighting
  7316 | D:7      | XOM: cleaving
  7322 | D:7      | Reached skill level 5 in Spellcasting
  7333 | D:7      | XOM: cast spell 'Summon Ice Beast'
  7580 | D:7      | Reached skill level 8 in Necromancy
  7626 | D:7      | Learned a level 5 spell: Agony
  7857 | D:7      | XOM: noise
  7873 | D:7      | XOM: enchant monster (bad)
  7876 | D:7      | XOM: summons friendly shadow imp
  8065 | D:7      | XOM: noise
  8125 | D:7      | XOM: give mutations
  8125 | D:7      | Gained mutation: You are dopey. (Int -2) [Xom's mischief]
  8125 | D:7      | Gained mutation: You occasionally shout uncontrollably at
                  | your foes. [Xom's mischief]
  8138 | D:7      | XOM: polymorph jelly -> adder
  8235 | D:8      | Noticed a two-headed ogre
  8244 | D:8      | Killed a two-headed ogre
  8253 | D:8      | Found a flagged portal.
  8265 | D:8      | Reached XP level 10. HP: 69/79 MP: 12/17
  8272 | Bailey   | Entered a bailey
  8284 | Bailey   | XOM: scenery: 3 doors open
  8508 | Bailey   | XOM: polymorph orc warrior -> centaur
  8612 | Bailey   | Reached skill level 9 in Necromancy
  8614 | Bailey   | XOM: potion effect (curing)
  8620 | Bailey   | XOM: divination: detect items
  8628 | Bailey   | XOM: smoke on damage
  8629 | Bailey   | Noticed an orc knight
  8642 | Bailey   | Killed an orc knight
  8643 | Bailey   | Reached skill level 10 in Necromancy
  8768 | Bailey   | Found a burning altar of Makhleb.
  8774 | Bailey   | Identified the +2 ring mail "Kiavvann" {rF+}
  9369 | D:8      | XOM: noise
  9434 | D:7      | XOM: silly message
  9669 | D:8      | Noticed a tengu warrior
  9670 | D:8      | XOM: cast spell 'Cause Fear'
  9672 | D:8      | XOM: potion effect (heal wounds)
  9688 | D:7      | Killed a tengu warrior
  9748 | D:7      | XOM: summons 6 hostile demons
 10140 | D:8      | Noticed a five-headed hydra
 10153 | D:8      | Killed a five-headed hydra
 10192 | D:8      | Noticed a deep elf pyromancer
 10280 | D:8      | Identified the ring of Xafrung {rElec Will+ EV+4} (Xom
                  | gifted it to you on level 8 of the Dungeon)
 10280 | D:8      | XOM: god gift: ring of Xafrung {rElec Will+ EV+4}
 10285 | D:8      | Killed a deep elf pyromancer
 10386 | D:8      | Learned a level 1 spell: Necrotise
 10446 | D:8      | XOM: butterfly on damage
 10449 | D:8      | XOM: butterfly on damage
 10825 | D:8      | XOM: silly message
 10855 | D:8      | Gained mutation: You are mostly covered in yellow scales.
                  | (AC +3) [demonic ancestry]
 10855 | D:8      | Reached XP level 11. HP: 48/80 MP: 18/18
 11443 | D:9      | XOM: confuse monster(s)
 11459 | D:9      | XOM: summons 2 friendly demons
 11493 | D:9      | Found a staircase to the Orcish Mines.
 11698 | D:9      | Noticed Pikel
 11698 | D:9      | XOM: silly message
 11713 | D:9      | Killed Pikel
 11784 | D:9      | XOM: cloud trail
 12149 | D:9      | XOM: god gift: 3 stones
 12391 | D:10     | Entered Level 10 of the Dungeon
 12406 | D:9      | XOM: confuse monster(s)
 12492 | D:10     | XOM: summons 4 hostile demons
 12515 | D:10     | Found a staircase to the Lair.
 12611 | D:10     | XOM: 1-stop teleportation journey
 12726 | D:10     | XOM: enchant monster (good)
 12745 | D:10     | XOM: silly message
 12874 | D:10     | XOM: summons friendly ufetubus
 12883 | D:10     | XOM: confusion (+ monsters)
 12979 | D:10     | XOM: silly message
 13206 | Lair:1   | Entered Level 1 of the Lair of Beasts
 13219 | Lair:1   | Identified a scroll of acquirement
 13220 | Lair:1   | Acquired the amulet of the Voivode {Reflect Fragile Regen+
                  | Dex+2 SH+5}
 13358 | Lair:1   | You fall into a shaft and drop 1 floor!
 13465 | Lair:2   | XOM: summons friendly quasit
 13468 | Lair:2   | XOM: divination: magic mapping
 13486 | Lair:2   | Reached skill level 10 in Evocations
 13572 | Lair:1   | Noticed an oklob plant
 13572 | Lair:1   | Noticed an oklob plant
 13572 | Lair:1   | Noticed an oklob plant
 13631 | Lair:2   | XOM: polymorph wolf -> boggart
 13649 | Lair:2   | Found a staircase to the Shoals.
 13684 | Lair:2   | XOM: divination: detect creatures
 13685 | Lair:2   | XOM: divination: magic mapping
 13686 | Lair:2   | XOM: noise
 13715 | Lair:2   | XOM: cast spell 'Summon Cactus Giant'
 13722 | Lair:2   | Noticed a death yak
 13730 | Lair:2   | XOM: cast spell 'Metabolic Englaciation'
 13738 | Lair:2   | Killed a death yak
 13758 | Lair:2   | Gained mutation: You regenerate health from kills. [demonic
                  | ancestry]
 13758 | Lair:2   | Reached XP level 12. HP: 93/95 MP: 6/25
 13881 | Lair:2   | Reached skill level 11 in Necromancy
 14320 | Lair:1   | XOM: 3-stop teleportation journey
 14363 | Lair:1   | XOM: 9-stop teleportation journey
 14412 | Lair:1   | XOM: enchant monster (bad)
 14414 | Lair:1   | XOM: summons friendly ufetubus
 14438 | Lair:1   | XOM: swap monsters
 14788 | Lair:1   | XOM: silly message
 14963 | Lair:3   | XOM: swap monsters
 15040 | Lair:3   | XOM: swap monsters
 15056 | Lair:3   | Reached skill level 10 in Fighting
 15129 | Lair:3   | XOM: noise
 15170 | Lair:3   | HP: 4/97 [something (6)]
 15171 | Lair:3   | XOM: confusion
 15173 | Lair:3   | Reached skill level 12 in Necromancy
 15182 | Lair:3   | XOM: swap monsters
 15189 | Lair:3   | Noticed a four-headed hydra
 15200 | Lair:3   | Noticed Snorg
 15204 | Lair:3   | Noticed Snorg
 15204 | Lair:3   | Snorg changed into Snorg the komodo dragon
 15204 | Lair:3   | XOM: polymorph Snorg -> Snorg the komodo dragon
 15218 | Lair:3   | Killed Snorg the komodo dragon
 15261 | Lair:3   | Reached skill level 13 in Necromancy
 15573 | Lair:3   | XOM: swap monsters
 15578 | Lair:3   | Reached skill level 1 in Shields
 15659 | Lair:3   | Learned a level 5 spell: Fireball
 15808 | Lair:3   | Noticed a seven-headed hydra
 15827 | Lair:3   | Killed a seven-headed hydra
 15828 | Lair:3   | Reached skill level 1 in Conjurations
 15828 | Lair:3   | Reached skill level 1 in Fire Magic
 15935 | Lair:3   | XOM: summons friendly white imp
 15969 | Lair:3   | Found a staircase to the Snake Pit.
 16552 | Lair:3   | XOM: 5-stop teleportation journey
 16576 | Lair:3   | XOM: silly message
 16601 | Lair:3   | Found a staircase to the Snake Pit.
 16608 | Lair:3   | XOM: silly message
 16652 | Lair:3   | Killed a four-headed hydra
 16859 | Lair:3   | XOM: silly message
 17109 | Lair:4   | Reached XP level 13. HP: 44/103 MP: 9/26
 17152 | Lair:4   | Found a dark tunnel.
 17183 | Volcano  | Entered a volcano
 17288 | Volcano  | XOM: noise
 17582 | Lair:4   | Lost mutation: You occasionally lose the ability to read
                  | scrolls when taking damage. [potion of mutation]
 17582 | Lair:4   | Lost mutation: You are weak. (Str -2) [potion of mutation]
 17582 | Lair:4   | Gained mutation: You expend magic power (3 MP) to
                  | strengthen your wands. [potion of mutation]
 17582 | Lair:4   | Gained mutation: You have a pair of small horns on your
                  | head. [potion of mutation]
 17582 | Lair:4   | Gained mutation: You are clumsy. (Dex -2) [potion of
                  | mutation]
 17689 | Lair:4   | Found a transporter.
 18019 | Lair:4   | XOM: silly message
 18049 | Lair:4   | Found a transporter.
 18102 | Lair:4   | Identified the ring of Due Proportion {MP+9 Dex+2}
 18105 | Lair:4   | Identified the +1 helmet "Qoituell" {rPois Will+}
 18109 | Lair:4   | Lost mutation: Armour fits poorly on your strangely shaped
                  | body. [potion of mutation]
 18109 | Lair:4   | Lost mutation: You are dopey. (Int -2) [potion of mutation]
 18109 | Lair:4   | Gained mutation: You have hidden genetic potential. [potion
                  | of mutation]
 18299 | Lair:4   | XOM: divination: detect items
 18350 | Lair:5   | Entered Level 5 of the Lair of Beasts
 18376 | Lair:5   | XOM: 2-stop teleportation journey
 18451 | Lair:5   | XOM: potion effect (brilliance)
 18487 | Lair:5   | Learned a level 3 spell: Inner Flame
 18545 | Lair:5   | Reached skill level 5 in Conjurations
 18574 | Lair:5   | XOM: cleaving
 18618 | Lair:5   | XOM: god gift: Toppir's Quarto of Interference {god gift}
 18619 | Lair:5   | Got Toppir's Quarto of Interference {god gift}
 18624 | Lair:5   | Learned a level 1 spell: Slow
 18630 | Lair:5   | XOM: enchant monster (good)
 18637 | Lair:5   | XOM: cleaving
 18654 | Lair:5   | Reached skill level 5 in Shields
 18661 | Lair:5   | Reached skill level 5 in Fire Magic
 18865 | Lair:5   | XOM: cast spell 'Dispersal'
 18926 | Lair:5   | Found a staircase to the Slime Pits.
 18926 | Lair:5   | Found a viscous altar of Jiyva.
 19122 | Lair:5   | XOM: potion effect (invisibility)
 19176 | Lair:5   | XOM: noise
 19187 | Lair:5   | XOM: divination: detect creatures
 19303 | Lair:5   | Learned a level 4 spell: Dispel Undead
 19473 | Lair:5   | XOM: enchant monster (bad)
 19710 | Lair:5   | Learned a level 4 spell: Anguish
 19907 | D:11     | XOM: polymorph manticore -> mana viper
 19911 | D:11     | XOM: blink monster(s)
 19924 | D:11     | Noticed Harold
 19982 | D:11     | Killed Harold
 20104 | D:11     | Reached XP level 14. HP: 110/110 MP: 16/27
 20141 | D:11     | Found an iron altar of Okawaru.
 20280 | D:11     | XOM: polymorph large slime creature -> anaconda
 20291 | D:11     | XOM: noise
 20505 | D:11     | XOM: summons 8 hostile demons
 20626 | D:11     | XOM: give mutations
 20626 | D:11     | Gained mutation: You are frail. (-10% HP) [Xom's mischief]
 20626 | D:11     | Gained mutation: Your body sometimes deteriorates upon
                  | taking damage. [Xom's mischief]
 20626 | D:11     | Lost mutation: You are clumsy. (Dex -2) [Xom's mischief]
 20651 | D:11     | XOM: confusion
 20725 | D:12     | XOM: 1-stop teleportation journey
 20733 | D:12     | Gained mutation: Your muscles are strong. (Str +4, Int/Dex
                  | -1) [hidden potential]
 20802 | D:12     | Found a runed translucent gate.
 20802 | D:12     | Found a runed translucent gate.
 20802 | D:12     | Noticed Ryse's ghost (journeyman NaFi)
 20805 | D:12     | XOM: confusion (+ monsters)
 20816 | D:12     | Found a runed translucent gate.
 20920 | D:12     | XOM: polymorph centaur -> steam dragon
 20991 | D:12     | Killed Ryse's ghost
 21028 | D:12     | Identified the +1 cloak of Irphiraukh {Int+9}
 21357 | D:13     | Noticed Maurice
 21369 | D:13     | Killed Maurice
 21423 | D:13     | XOM: god gift: 4 silver javelins
 21463 | D:13     | Found a gate to the Vaults.
 21465 | D:13     | XOM: fog
 21475 | D:13     | XOM: confuse monster(s)
 21492 | D:13     | XOM: potion effect (invisibility)
 21504 | D:13     | XOM: polymorph vault guard -> shapeshifter
 21505 | D:13     | XOM: scenery: summon butterflies
 21608 | D:13     | XOM: destruction
 21610 | D:13     | XOM: give mutation
 21610 | D:13     | Gained mutation: Your muscles are very strong. (Str +8,
                  | Int/Dex -2) [Xom's grace]
 21710 | D:13     | Noticed Nessos
 21722 | D:13     | Killed Nessos
 21769 | D:13     | XOM: destruction
 21792 | D:13     | XOM: 4-stop teleportation journey
 21822 | D:13     | XOM: enchant monster (bad)
 21831 | D:13     | XOM: chaos cloud
 21836 | D:13     | Slain by a vault guard

Illustrated notes

Levels and vault maps discovered:
D:1:      dpeg_arrival_arbitrary_c, layout_loops_corners
D:2:      layout_loops_ring, shapermc_ecumenical_altar_mp_highgroup
D:3:      layout_basic, nicolae_overflow_hallway_of_the_gods, serial_shops,
          nicolae_shop_hallway_stairs
D:4:      layout_rooms
D:5:      layout_basic, cheibrodos_sewer_entry_drain, uniq_menkaure, uniq_ijyb
D:6:      layout_cave_pools, minmay_temple_entry_junction_2, serial_undead,
          serial_undead_c, serial_undead_f, serial_undead_c, serial_undead_c,
          serial_undead_d
D:7:      layout_basic, grunt_ministairs_8
D:8:      layout_gridville, enter_bailey_3, kb_rosetta
D:9:      layout_gridville, david_orc_2, uniq_pikel
D:10:     layout_basic, lair_entry_dummy
D:11:     layout_gridville, okawaru_metal_pillars_1_2, uniq_harold
D:12:     layout_roguey, biasface_ghost_orc_armoury
D:13:     layout_loops_ring, erik_vaults_2, gammafunk_ghost_spectres,
          nicolae_trove_entry_path_of_doom, minmay_misc_feat_roman, pond,
          uniq_nessos, uniq_jorgrun, uniq_maurice
Temple:   minmay_crystal_spiral_temple
Lair:1:   minmay_lair_oklob_chamber, layout_concentric_octagons,
          lemuel_fruit_tree, serial_bayou_shore_a
Lair:2:   layout_roguey [special_room_bee], elwin_shoals_entry_rocks,
          grunt_forest_large_clearing_hut, infiniplex_staircase_pool,
          grunt_megastairs_5
Lair:3:   layout_roguey [special_room_mythical_zoo],
          minmay_snake_entry_guardpost_large, serial_bayou_pond_e,
          hangedman_lair_generics_rect, uniq_snorg
Lair:4:   gammafunk_worm_tunnel, layout_regular_city,
          nicolae_volcano_entry_lava_flow
Lair:5:   evilmike_catoblepas_cave, layout_cave_pods, slime_entry_1

Skill      XL: |  1  2  3  4  5  6  7  8  9 10 11 12 13 14 |
---------------+-------------------------------------------+-----
Dodging        | 1 2 |  2.0
Armour         | 2 |  2.1
Stealth        | 1 2 3 4 |  4.0
Evocations     | 1 2 3 5 6 7 9 10 | 10.2
Spellcasting   | 1 2 3 5 9 |  9.0
Unarmed Combat | 3 |  3.0
Necromancy     | 2 3 4 7 8 10 13 | 13.0
Fighting       | 4 7 8 9 10 | 10.0
Shields        | 3 6 8 |  8.2
Conjurations   | 3 7 8 |  8.8
Fire Magic     | 3 6 8 |  8.0
Transmutations | |  0.1
Poison Magic   | |  0.1

Action                   |  1- 3 |  4- 6 |  7- 9 | 10-12 | 13-15 || total
-------------------------+-------+-------+-------+-------+-------++-------
Melee: Unarmed           |   155 |   156 |   118 |       |       ||   429
       Kick              |    21 |    41 |    83 |   129 |   153 ||   427
       Punch             |     1 |     4 |     7 |    19 |    17 ||    48
       Rapier            |       |       |   208 |   484 |   386 ||  1078
       Headbutt          |       |       |       |       |    95 ||    95
Throw: Dart              |       |    27 |    32 |    87 |    24 ||   170
       Boomerang         |       |       |    61 |    21 |    20 ||   102
       Throwing net      |       |       |       |     1 |       ||     1
       Javelin           |       |       |       |       |     2 ||     2
 Cast: Sting             |     5 |    15 |     8 |     1 |       ||    29
       Vampiric Draining |       |       |    17 |    74 |    66 ||   157
       Agony             |       |       |       |    37 |    43 ||    80
       Necrotise         |       |       |       |    83 |    54 ||   137
       Fireball          |       |       |       |     1 |     6 ||     7
       Anguish           |       |       |       |       |    32 ||    32
       Inner Flame       |       |       |       |       |     1 ||     1
       Slow              |       |       |       |       |     4 ||     4
       Dispel Undead     |       |       |       |       |     4 ||     4
 Abil: Evoke Invisibilit |       |       |     1 |     4 |     1 ||     6
       Evoke Blink       |       |       |     1 |     3 |     1 ||     5
Evoke: Piece from Xom's  |    11 |     1 |    17 |    18 |     6 ||    53
       Wand              |       |       |     6 |    13 |     9 ||    28
       Box of beasts     |       |       |       |       |     3 ||     3
  Use: Scroll            |     3 |    11 |     6 |    13 |     5 ||    38
       Potion            |     1 |       |     2 |     3 |     3 ||     9
 Stab: Sleeping          |     2 |     3 |     3 |     6 |     2 ||    16
       Paralysed         |       |       |     8 |     7 |       ||    15
       Confused          |       |       |     4 |     1 |       ||     5
       Invisible         |       |       |     3 |     2 |     5 ||    10
       Petrified         |       |       |     3 |    14 |       ||    17
Armor: Leather armour    |    81 |    74 |   212 |   170 |       ||   537
       Skin              |       |       |     4 |       |       ||     4
       Robe              |       |       |       |   103 |   143 ||   246
       Ring mail         |       |       |       |       |    31 ||    31
Dodge: Dodged            |    83 |    87 |   295 |   554 |   392 ||  1411
Block: Other             |       |       |       |    81 |   125 ||   206
       Reflection        |       |       |       |     1 |     5 ||     6

Table legend: (Time is in decaauts)
 A = Elapsed time spent in this place.
 B = Non-inter-level travel time spent in this place.
 C = Inter-level travel time spent in this place.
 D = Time resting spent in this place.
 E = Time spent auto-exploring this place.
 F = Levels seen in this place.
 G = Mean time per level.
                   A        B        C        D        E       F      G
               +--------+--------+--------+--------+--------+-----+--------+
         Total |  22189 |  20934 |   1255 |   3479 |   4489 |  22 | 1008.6 |
       Dungeon |  14219 |  13522 |    697 |   2826 |   2201 |  13 | 1093.8 |
        Temple |    215 |    132 |     83 |      0 |    116 |   1 |  215.0 |
          Lair |   6237 |   5763 |    474 |     67 |   2172 |   5 | 1247.4 |
         Sewer |    642 |    642 |      0 |    286 |      0 |   1 |  642.0 |
        Bailey |    542 |    542 |      0 |    215 |      0 |   1 |  542.0 |
       Volcano |    331 |    331 |      0 |     85 |      0 |   1 |  331.0 |
               +--------+--------+--------+--------+--------+-----+--------+

Top non-repeatable levels by time:
     D:7: 2106 daAuts
  Lair:3: 1914 daAuts
     D:5: 1657 daAuts
     D:8: 1460 daAuts
     D:1: 1449 daAuts
  Lair:5: 1423 daAuts
     D:9: 1239 daAuts
     D:2: 1134 daAuts
  Lair:1: 1108 daAuts
     D:3: 979 daAuts
  Lair:4: 953 daAuts
    D:10: 877 daAuts
  Lair:2: 837 daAuts
    D:11: 817 daAuts
    D:12: 697 daAuts
